 Dungeon Crawl Stone Soup version 0.25-a0-100-g33052ceff8 (webtiles) character file.

Game seed: 18086264856173935581, levelgen mode: deterministic

0 MrRokkomies the Sneak (level 1, -1/9 HPs)
             Began as a Spriggan Enchanter on Nov 15, 2019.
             Slain by a hobgoblin
             ... wielding a +0 club
              (7 damage)
             ... on level 1 of the Dungeon.
             The game lasted 00:00:27 (66 turns).

MrRokkomies the Sneak (Spriggan Enchanter)            Turns: 66, Time: 00:00:29

Health: -1/9       AC:  2    Str:  4    XL:     1   Next: 8%
Magic:  4/5        EV: 18    Int: 16    God:
Gold:   14         SH:  0    Dex: 16    Spells: 4/5 levels left

rFire    . . .     SeeInvis +   a - +1 dagger
rCold    . . .     Gourm    .   (shield restricted)
rNeg     . . .     Faith    .   b - +0 robe
rPois    .         Spirit   .   (helmet restricted)
rElec    .         Reflect  .   (no cloak)
rCorr    .         Harm     .   (gloves unavailable)
MR       .....                  (boots unavailable)
Stlth    +++.......             (no amulet)
HPRegen  0.03/turn              (no ring)
MPRegen  0.09/turn              (no ring)

@: very quick
A: very small, unfitting armour, see invisible, herbivore, speed 3, slow
metabolism 2
a: no special abilities


You were on level 1 of the Dungeon.
You were not hungry.

You visited 1 branch of the dungeon, and saw 1 of its levels.

You collected 14 gold pieces.

Inventory:

Hand Weapons
 a - a +1 dagger (weapon)
Armour
 b - a +0 robe (worn)
Comestibles
 d - a ration


   Skills:
 * Level 1.1 Short Blades
 + Level 3.0 Dodging
 - Level 4.4 Stealth
 - Level 2.6 Spellcasting
 * Level 3.6 Hexes


You had 4 spell levels left.
You knew the following spells:

 Your Spells              Type           Power        Failure   Level  Hunger
a - Corona                Hex            ##.....      4%          1    #......

Your spell library contained the following spells:

 Spells                   Type           Power        Failure   Level  Hunger
 Confuse                  Hex            ##......     13%         3    ###....
 Tukima's Dance           Hex            ##......     13%         3    ###....
 Ensorcelled Hibernation  Hex/Ice        #.....       14%         2    ##.....
 Dazzling Spray           Conj/Hex       #.....       28%         3    ###....


Dungeon Overview and Level Annotations

Branches:
Dungeon (1/15)

Altars:


Innate Abilities, Weirdness & Mutations

You are very small and have problems with some larger weapons.
You are too small for most types of armour.
You have supernaturally acute eyesight. (SInv)
You are a herbivore.
You cover ground extremely quickly.
You need to consume almost no food.


Message History

The hobgoblin is moderately wounded.
The hobgoblin hits you but does no damage.
The frilled lizard barely misses you.
You hit the hobgoblin but do no damage.
The hobgoblin is moderately wounded.
The frilled lizard completely misses you.
The hobgoblin hits you with a +0 club.
You hit the hobgoblin but do no damage.
The hobgoblin is moderately wounded.
The frilled lizard completely misses you.
You hit the hobgoblin.
The hobgoblin is heavily wounded.
The hobgoblin completely misses you.
You hit the hobgoblin but do no damage.
The hobgoblin is heavily wounded.
The hobgoblin stops glowing.
The frilled lizard bites you but does no damage.
The hobgoblin hits you with a +0 club!
Ouch! That really hurt!
You die...

#.#.........
##.###....... #..#
###..... #.## ###...
##########.## ###.....
............###.......
######.###.#.......≈≈
.###......#
#.#.....≈≈≈≈
.......@#.#
#.#....≈≈≈≈≈
......#gl.#
#.########## #...#
....# #.. ..#
.........# .
.......#### .#......#
....#....# .......#$.#


You could see a hobgoblin and a frilled lizard.

Vanquished Creatures
  A kobold (D:1)
1 creature vanquished.

Notes
Turn   | Place    | Note
-------+----------+-------------------------------------------
     0 | D:1      | MrRokkomies the Spriggan Enchanter began the quest for the
                  | Orb.
     0 | D:1      | Reached XP level 1. HP: 9/9 MP: 5/5
    66 | D:1      | Slain by a hobgoblin

Levels and vault maps discovered:
D:1:      nzn_arrival_depleted_hourglass, layout_basic, wad_floor_pattern_2,
          minmay_misc_feat_nine_boxes, minmay_misc_feat_more_columns,
          chequers_big_river

Action                   || total
-------------------------++-------
Melee: Dagger            ||    13
 Cast: Corona            ||     3
Armor: Robe              ||     2
Dodge: Dodged            ||    12

Table legend:
 A = Non-vault XP
 B = Vault XP
 C = Vault XP percentage of total XP
 D = Non-vault monster count
 E = Vault monster count
 F = Vault count percentage of total count
                 A         B        C        D         E       F
            +---------+---------+-------+---------+---------+-------
      Total |       1 |       0 |   0.0 |       1 |       0 |   0.0
            +---------+---------+-------+---------+---------+-------
        D:1 |       1 |       0 |   0.0 |       1 |       0 |   0.0
            +---------+---------+-------+---------+---------+-------
